 Dungeon Crawl Stone Soup version 0.29-a0-459-g97dee8cd24 (webtiles) character file.

Game seed: 16882946664828406695

3775 dolemite99 the Caregiver (level 9, -2/82 HPs)
             Began as a Deep Dwarf Artificer on May 21, 2022.
             Was a Believer of Elyvilon.
             Slain by a small abomination (15 damage)
             ... on level 1 of the Abyss.
             The game lasted 00:22:16 (8032 turns).

dolemite99 the Caregiver (Deep Dwarf Artificer)     Turns: 8032, Time: 00:22:16

Health: -2/82      AC: 15    Str: 20    XL:     9   Next: 95%
Magic:  1/1        EV: 12    Int: 12    God:    Elyvilon [**....]
Gold:   212        SH:  0    Dex: 13    Spells: 8/8 levels left

rFire   . . .      SeeInvis .   a - +2 flail (venom)
rCold   . . .      Faith    .   (no shield)
rNeg    . . .      Spirit   .   E - +2 swamp dragon scales
rPois   +          Reflect  .   t - +2 helmet
rElec   .          Harm     .   I - +0 cloak
rCorr   .          Rampage  .   (no gloves)
Will    +....                   r - +0 pair of boots
Stlth   +.........              w - amulet of the acrobat
HPRegen 0.00/turn               (no ring)
MPRegen 0.07/turn               (no ring)

@: no status effects
A: damage resistance, heal wounds, sense surroundings 2, no regeneration
a: Heal Wounds, Renounce Religion, Purification, Heal Other


You were on level 1 of the Abyss.
You worshipped Elyvilon.
Elyvilon was pleased with you.
You visited 2 branches of the dungeon, and saw 9 of its levels.
You visited the Abyss 1 time.

You collected 322 gold pieces.
You spent 94 gold pieces at shops.
You donated 16 gold pieces to Zin.

Inventory:

Hand Weapons
 a - a +2 flail of venom (weapon)
 b - the +6 whip of Incongruity {speed, Int+9}
   (You found it on level 7 of the Dungeon)

   Attacks with this weapon are significantly faster.
   Int:       It affects your intelligence (+9).
 c - a +0 flail of protection
 e - a +4 flail
 h - a +0 vorpal morningstar
 o - a +1 flail of protection
 s - a +1 dagger of draining
 x - a +0 vampiric trident
 A - a +2 flail of protection
 B - a +0 vorpal shortbow
 D - a +0 shortbow
Missiles
 g - 342 stones
 k - 12 poisoned darts
 C - 3 atropa-tipped darts (quivered)
Armour
 r - a +0 pair of boots (worn)
 t - a +2 helmet (worn)
 E - +2 swamp dragon scales (worn)
 I - a +0 cloak (worn)
Jewellery
 l - a ring of wizardry
 w - an amulet of the acrobat (around neck)
 H - a ring of wizardry
Scrolls
 i - 2 scrolls of magic mapping
 y - a scroll of teleportation
 F - a scroll of identify {@r1}
Potions
 d - a potion of ambrosia {unknown}
 f - 2 potions of attraction
 j - a potion of cancellation
 m - 4 potions of flight
 p - a potion of might {unknown}
 q - 4 potions of mutation {unknown}
 u - 2 potions of heal wounds {unknown}
 v - 2 potions of brilliance {unknown}
 z - 2 potions of degeneration {unknown}


   Skills:
 + Level 6.1 Fighting
 * Level 7.0 Maces & Flails
 - Level 1.7 Throwing
 - Level 3.9 Armour
 + Level 3.4 Dodging
 - Level 1.2 Stealth
 - Level 10.8 Invocations
 - Level 6.0 Evocations


You had 8 spell levels left.
You didn't know any spells.
Your spell library contained the following spells:

 Spells                   Type           Power      Damage    Failure   Level
 Magic Dart               Conj           0%         1d3       47%         1
 Slow                     Hex            0%         N/A       47%         1
 Call Imp                 Summ           0%         N/A       63%         2
 Static Discharge         Conj/Air       0%         N/A       63%         2
 Confusing Touch          Hex            0%         N/A       85%         3
 Inner Flame              Hex/Fire       0%         N/A       85%         3
 Mephitic Cloud           Conj/Pois/Air  0%         N/A       85%         3
 Stone Arrow              Conj/Erth      0%         3d7       85%         3
 Vampiric Draining        Necr           0%         2d6       85%         3
 Animate Armour           Summ/Erth      0%         N/A       99%         4
 Cause Fear               Hex            0%         N/A       99%         4
 Lightning Bolt           Conj/Air       0%         1d11      100%        5
 Discord                  Hex            0%         N/A       100%        8
 Lehudib's Crystal Spear  Conj/Erth      0%         10d2      100%        8
 Maxwell's Capacitive Co  Air            0%         ∞         100%        8


Dungeon Overview and Level Annotations

Branches:
Dungeon (8/15)             Temple (1/1) D:7
   Lair: D:8-11

Altars:
Ashenzari
Cheibriados
Dithmenos
Elyvilon
Fedhas
Gozag
Hepliaklqana
Kikubaaqudgha
Makhleb
Nemelex Xobeh
Qazlal
Ru
Sif Muna
Trog
Uskayaw
Vehumet
Wu Jian
Yredelemnul
Zin
Lugonu

Shops:
D:1 [

Annotations:
D:8 Psyche


Innate Abilities, Weirdness & Mutations

You are resistant to damage.
You can heal yourself by infusing magical energy.
You passively map the area around you.
You do not regenerate.


Message History

The small abomination barely misses you.
The small abomination hits you but does no damage.
The small abomination attacks as you move away!
The small abomination hits you!
* * * LOW HITPOINT WARNING * * *
The small abomination attacks as you move away!
The small abomination completely misses you.
The small abomination attacks as you move away!
The small abomination closely misses you.
You feel much better.
The small abomination hits you but does no damage.
The small abomination hits you!
You sock the small abomination!
The small abomination is moderately damaged.
The small abomination closely misses you.
You sock the small abomination!
The small abomination is severely damaged.
The small abomination barely misses you.
The small abomination hits you!
You closely miss the small abomination.
The small abomination is severely damaged.
The small abomination barely misses you.
You sock the small abomination!
You destroy the small abomination!
That felt strangely unrewarding.
You hit the small abomination but do no damage.
The small abomination hits you!
* * * LOW HITPOINT WARNING * * *
You hit the small abomination.
The small abomination is lightly damaged.
The small abomination barely misses you.
You hit the small abomination.
The small abomination is lightly damaged.
The small abomination completely misses you.
The small abomination hits you!
* * * LOW HITPOINT WARNING * * *
You hit the small abomination but do no damage.
The small abomination is lightly damaged.
The small abomination hits you!
You die...

### #####@#
#..Xx##
##.###....# #
#..##...#....
#..#..#.##.. #
#.... ....###.
#..#.##.#.....
. #..#X#..##.
# . .#..#.....
.#.#


You could see a large abomination and a small abomination.

Vanquished Creatures
  A large abomination (Abyss:1)
  Maggie (D:7)
  Grinder (D:5)
  A steam dragon (D:8)
  A fire elemental (Abyss:1)
  Edmund (D:5)
  3 water moccasins
  2 ice beasts
  2 black bears
  3 sky beasts
  An ogre (D:5)
  5 centaurs
  2 phantoms (D:5)
  2 bullfrogs
  A gnoll sergeant (D:6)
  4 scorpions
  8 electric eels (D:7)
  A hound (D:5)
  3 jellies
  3 iguanas
  5 orc wizards
  Terence (D:2)
  2 small abominations (Abyss:1)
  7 adders
  6 gnolls
  2 shadow imps
  2 ufetubi (D:5)
  2 worms
  2 dart slugs
  17 orcs
  6 endoplasms
  5 giant cockroaches
  9 goblins
  4 hobgoblins
  2 jackals (D:5)
  3 kobolds
  8 quokkas
  9 ball pythons
  5 bats
  3 frilled lizards
  5 rats
  2 starspawn tentacles (Abyss:1)
153 creatures vanquished.

Vanquished Creatures (collateral kills)
  A sky beast (D:6)
  A phantom (D:4)
  3 gnolls (D:4)
  An adder (D:6)
  3 orcs
  A rat (D:2)
10 creatures vanquished.

Vanquished Creatures (others)
  A gnoll shaman (D:7)
  6 gnolls
  3 orcs
  A kobold (D:4)
  A starspawn tentacle (Abyss:1)
12 creatures vanquished.

Grand Total: 175 creatures vanquished

Notes
Turn   | Place    | Note
-------+----------+-------------------------------------------
     0 | D:1      | dolemite99 the Deep Dwarf Artificer began the quest for the
                  | Orb.
     0 | D:1      | Reached XP level 1. HP: 16/16 MP: 1/1
   167 | D:1      | Reached skill level 1 in Throwing
   167 | D:1      | Reached XP level 2. HP: 16/24 MP: 2/2
  1064 | D:1      | Found Eromeamp's Antique Armour Boutique.
  1066 | D:1      | Reached XP level 3. HP: 29/30 MP: 3/3
  1465 | D:2      | Noticed Terence
  1472 | D:2      | Reached skill level 5 in Evocations
  1473 | D:2      | Killed Terence
  1490 | D:2      | Reached XP level 4. HP: 36/37 MP: 4/4
  1633 | D:2      | Found a faded altar of an unknown god.
  1634 | D:2      | Noticed an eye of devastation
  1636 | D:2      | Noticed a shining eye
  1636 | D:2      | Noticed a golden eye
  1636 | D:2      | Noticed a shining eye
  1730 | D:2      | Reached skill level 1 in Maces & Flails
  2478 | D:3      | Found a basalt altar of Yredelemnul.
  2481 | D:3      | Found a shadowy altar of Dithmenos.
  2493 | D:3      | Found a hide-covered altar of Uskayaw.
  2496 | D:3      | Found a glowing silver altar of Zin.
  2506 | D:3      | Found an ancient bone altar of Kikubaaqudgha.
  2506 | D:3      | Found a hazy altar of Hepliaklqana.
  2528 | D:3      | Found a radiant altar of Vehumet.
  2532 | D:3      | Found a broken altar of Ashenzari.
  2597 | D:3      | Became a worshipper of Zin the Law-Giver
  2944 | D:4      | Reached XP level 5. HP: 23/43 MP: 5/5
  2949 | D:4      | Found a sparkling altar of Nemelex Xobeh.
  2984 | D:4      | Reached * piety under Zin
  3179 | D:4      | Reached XP level 6. HP: 40/50 MP: 6/6
  3259 | D:4      | Reached skill level 5 in Maces & Flails
  3655 | D:5      | Entered Level 5 of the Dungeon
  3703 | D:5      | Reached XP level 7. HP: 26/61 MP: 7/7
  3961 | D:1      | Bought a pair of boots for 94 gold pieces
  4086 | D:5      | Found a burning altar of Makhleb.
  4136 | D:5      | Noticed Grinder
  4142 | D:5      | Killed Grinder
  4143 | D:5      | Reached skill level 5 in Fighting
  4244 | D:5      | Noticed Edmund
  4270 | D:5      | Killed Edmund
  4271 | D:5      | Reached XP level 8. HP: 39/75 MP: 7/7
  4395 | D:5      | Found a blossoming altar of Fedhas.
  4397 | D:5      | Found a white marble altar of Elyvilon.
  4400 | D:5      | Found a sacrificial altar of Ru.
  4411 | D:5      | Reached skill level 2 in Invocations
  4443 | D:5      | Fell from the grace of Zin
  4443 | D:5      | Became a worshipper of Elyvilon the Healer
  4586 | D:5      | Reached skill level 3 in Invocations
  4727 | D:6      | Reached skill level 4 in Invocations
  4750 | D:6      | Reached skill level 5 in Invocations
  4798 | D:6      | Noticed a kobold demonologist
  4842 | D:6      | Reached skill level 6 in Invocations
  4906 | D:6      | Reached skill level 7 in Invocations
  5078 | D:6      | Reached * piety under Elyvilon
  5151 | D:6      | Reached skill level 8 in Invocations
  5676 | D:7      | Identified the +6 whip of Incongruity {speed, Int+9}
  5704 | D:7      | Gained mutation: You passively map the area around you.
                  | [Deep Dwarf growth]
  5704 | D:7      | Reached XP level 9. HP: 36/81 MP: 13/13
  5794 | D:7      | Reached skill level 9 in Invocations
  5803 | D:7      | Found a staircase to the Ecumenical Temple.
  5841 | Temple   | Entered the Ecumenical Temple
  5934 | D:7      | Noticed Maggie
  5952 | D:7      | Killed Maggie
  5953 | D:7      | Reached skill level 10 in Invocations
  6233 | D:7      | Reached ** piety under Elyvilon
  6260 | D:7      | Found a glowing silver altar of Zin.
  7436 | D:8      | Identified the +8 halberd of Checks and Balances {pain, rF+
                  | SInv}
  7584 | D:8      | Noticed Psyche
  7609 | D:8      | Cast into level 1 of the Abyss (Psyche)
  7637 | Abyss:1  | Noticed a large abomination
  7682 | Abyss:1  | Killed a large abomination
  7686 | Abyss:1  | Noticed a tentacled starspawn
  7697 | Abyss:1  | Elyvilon protects you from harm!
  7769 | Abyss:1  | Noticed an orange demon
  7785 | Abyss:1  | Noticed a large abomination
  7838 | Abyss:1  | Found a corrupted altar of Lugonu.
  7838 | Abyss:1  | Noticed a lich
  7861 | Abyss:1  | Noticed a smoke demon
  7861 | Abyss:1  | Noticed a sixfirhy
  7864 | Abyss:1  | Noticed an apocalypse crab
  7892 | Abyss:1  | Noticed a starcursed mass
  7894 | Abyss:1  | Noticed a thrashing horror
  8004 | Abyss:1  | Noticed a large abomination
  8032 | Abyss:1  | Slain by a small abomination

Illustrated notes

Levels and vault maps discovered:
D:1:      dpeg_arrival_rooms_with_view, layout_loops_ring, serial_shops,
          nicolae_shop_temple_entry_statues_fountains
D:2:      layout_basic, hellmonk_ecumenical_altar_watching_god,
          minmay_misc_feat_alley, uniq_terence
D:3:      layout_rooms, nicolae_overflow_hallway_of_the_gods,
          minmay_misc_feat_more_columns
D:4:      layout_cave_pools, kennysheep_little_box
D:5:      layout_basic, grunt_temple_overflow_open, lemuel_crystal_altar,
          uniq_edmund, uniq_grinder
D:6:      layout_basic
D:7:      layout_basic, minmay_temple_entry_statues_pillars,
          grunt_ministairs_12, kennysheep_flooded_box, kennysheep_boxes,
          uniq_maggie
D:8:      layout_basic, nicolae_tso_carved_into_rock, enter_bailey_2,
          serial_ice, serial_ice_o, serial_ice_d, serial_ice_e, serial_ice_c,
          uniq_psyche
Temple:   corrupted_temple
Abyss:1:  base: D:3, minivault_27

Skill      XL: |  1  2  3  4  5  6  7  8  9 |
---------------+----------------------------+-----
Throwing       | 1 |  1.7
Evocations     | 5 6 |  6.0
Maces & Flails | 2 4 5 7 |  7.0
Fighting       | 2 5 6 |  6.1
Armour         | 3 |  3.9
Invocations    | 8 10 | 10.8
Dodging        | 3 |  3.4
Stealth        | |  1.2

Action                   |  1- 3 |  4- 6 |  7- 9 || total
-------------------------+-------+-------+-------++-------
Melee: Club              |    66 |       |       ||    66
       Mace              |     4 |     4 |       ||     8
       Dagger            |       |    70 |       ||    70
       Flail             |       |    65 |   357 ||   422
       Whip              |       |       |    28 ||    28
       Punch             |       |       |     6 ||     6
Throw: Stone             |     8 |     5 |       ||    13
       Dart              |     7 |    11 |    12 ||    30
Invok: Heal Other        |       |       |     5 ||     5
       Purification      |       |       |     1 ||     1
 Abil: Heal Wounds       |     1 |     1 |    54 ||    56
Evoke: Wand              |    21 |    14 |     4 ||    39
  Use: Scroll            |     2 |     9 |    11 ||    22
       Potion            |       |       |     4 ||     4
Armor: Leather armour    |     7 |       |       ||     7
       Plate armour      |    45 |    99 |   229 ||   373
       Swamp dragon scal |       |       |   125 ||   125
Dodge: Dodged            |    26 |    49 |   373 ||   448

Table legend: (Time is in decaauts)
 A = Elapsed time spent in this place.
 B = Non-inter-level travel time spent in this place.
 C = Inter-level travel time spent in this place.
 D = Time resting spent in this place.
 E = Time spent auto-exploring this place.
 F = Levels seen in this place.
 G = Mean time per level.
                   A        B        C        D        E       F      G
               +--------+--------+--------+--------+--------+-----+--------+
         Total |   8095 |   7598 |    497 |   1909 |   3212 |  10 |  809.5 |
       Dungeon |   7622 |   7135 |    487 |   1854 |   3122 |   8 |  952.8 |
        Temple |     43 |     33 |     10 |      0 |     26 |   1 |   43.0 |
         Abyss |    428 |    428 |      0 |     55 |     64 |   1 |  428.0 |
               +--------+--------+--------+--------+--------+-----+--------+

Top non-repeatable levels by time:
     D:1: 1563 daAuts
     D:6: 1387 daAuts
     D:7: 1138 daAuts
     D:5: 892 daAuts
     D:2: 807 daAuts
     D:4: 793 daAuts
     D:3: 710 daAuts
 Abyss:1: 428 daAuts
     D:8: 329 daAuts
  Temple: 43 daAuts
